 Dungeon Crawl Stone Soup version 0.32-a0-913-g739538a (webtiles) character file.

Game seed: 4156875548612335083

383 Dorkslayer the Chopper (level 6, -4/52 HPs)
             Began as a Mountain Dwarf Fighter on Apr 8, 2024.
             Slain by a mummy (11 damage)
             ... in an ossuary.
             The game lasted 00:06:54 (2997 turns).

Dorkslayer the Chopper (Mountain Dwarf Fighter)     Turns: 2997, Time: 00:06:55

Health: -4/52      AC: 10    Str: 19    XL:     6   Next: 47%
Magic:  6/6        EV:  7    Int:  8    God:
Gold:   187        SH:  4    Dex: 13    Spells: 5/5 levels left

rFire   . . .        a - +1 war axe
rCold   . . .        c - +0 buckler
rNeg    . . .        m - +0 chain mail
rPois   .            (no helmet)
rElec   .            l - +0 cloak
rCorr   +            (no gloves)
SInv    +            (no boots)
Will    .....        d - amulet of the acrobat Stlth
                     h - ring of resist corrosion
HPRegen 0.28/turn    n - ring of see invisible
MPRegen 0.10/turn

%: acrobat
@: no status effects
A: runic magic, artefact enchanting, agile 1, inability to read after injury 1
a: no special abilities


You were in an ossuary.
You visited 1 branch of the dungeon, and saw 4 of its levels.
You also visited: Ossuary.

You collected 187 gold pieces.

Inventory:

Hand Weapons
 a - a +1 war axe (weapon)
Armour
 c - a +0 buckler (worn)
 l - a +0 cloak (worn)
 m - a +0 chain mail (worn)
Jewellery
 d - an amulet of the acrobat (around neck)
 h - a ring of resist corrosion (left hand)
 n - a ring of see invisible (right hand)
Talismans
 b - a flux talisman
Wands
 r - a wand of polymorph (9)
Scrolls
 e - 4 scrolls of teleportation
Potions
 i - a potion of lignification
 k - a potion of ambrosia
 o - a potion of invisibility
 p - a potion of mutation


   Skills:
 + Level 3.9 Fighting
 + Level 5.2 Axes
 + Level 4.5 Armour
 * Level 2.0 Dodging
 + Level 0.2 Stealth
 + Level 4.0 Shields
 * Level 0.2 Evocations
 + Level 1.1 Shapeshifting


You had 5 spell levels left.
You didn't know any spells.
Your spell library contained the following spells:

 Spells                   Type           Power      Damage    Failure   Level
 Scorch                   Fire           0%         2d5       80%         2
 Static Discharge         Conj/Air       0%         3-3/arc   80%         2
 Airstrike                Air            0%         2d(0-16)  100%        4
 Flame Wave               Conj/Fire      0%         2d4       100%        4
 Summon Lightning Spire   Summ/Air       0%         N/A       100%        4
 Summon Cactus Giant      Summ           0%         N/A       100%        6


Dungeon Overview and Level Annotations

Branches:
Dungeon (4/15)            Ossuary (1/1)
 Temple: D:4-7

Altars:

Shops:
D:3 :


Innate Abilities, Weirdness & Mutations

Your spellcasting is much less encumbered by armour.
You can use scrolls of enchantment on lesser artefacts.
You are agile. (Dex +4, Str/Int -1)
You occasionally lose the ability to read scrolls when taking damage.


Message History

You hit the mummy but do no damage.
The mummy is moderately damaged.
You hit the mummy. x2; You hit the mummy but do no damage.
Unknown command.
The mummy hits you!
* * * LOW HITPOINT WARNING * * *
The mummy attacks as it pursues you! The mummy completely misses you.
There is an empty arch of ancient stone, spattered with blood here.
You slash the mummy!
You destroy the mummy!
You hit the mummy. x2; The mummy hits you but does no damage.
The mummy closely misses you.
Your Axes skill increases to level 5!
Unknown command.
You feel much better.
You hit the mummy.
The mummy is heavily damaged.
You slash the mummy! You hit the mummy. The mummy barely misses you.
The mummy hits you! The mummy barely misses you.
Unknown command.
You hit the mummy.
The mummy is almost destroyed.
You hit the mummy. You barely miss the mummy. The mummy hits you!
The mummy barely misses you. The mummy hits you!
* * * LOW HITPOINT WARNING * * *
Unknown command.
You slash the mummy!
You destroy the mummy!
You hit the mummy. You barely miss the mummy.
Your Dodging skill increases to level 2!
Unknown command.
You hit the mummy.
The mummy is severely damaged.
You slash the mummy!
You destroy the mummy!
The mummy hits you but does no damage.
You hit the mummy.
The mummy is almost destroyed.
The mummy hits you!
You die...

#....#
#....#
#....#
#....#
#....#
#....#
#....#
#...M#
#.∩@!#
######


You could see a mummy.

Vanquished Creatures
  An ogre (D:4)
  A phantom (D:4)
  2 hounds (D:4)
  3 mummies (Ossuary)
  6 adders (D:2)
  2 ribbon worms (D:2)
  5 orcs (D:2)
  5 ball pythons
  3 bats (D:2)
  6 endoplasms
  3 giant cockroaches
  A gnoll zombie (Ossuary)
  8 goblins
  A hobgoblin (D:2)
  4 jackals (D:3)
  4 kobolds
  2 quokkas (D:1)
  2 hobgoblin zombies (Ossuary)
  2 kobold zombies (Ossuary)
  4 orc zombies
  4 rats
  A rat zombie (D:4)
70 creatures vanquished.

Notes
Turn   | Place    | Note
-------+----------+-------------------------------------------
     0 | D:1      | Dorkslayer the Mountain Dwarf Fighter began the quest for
                  | the Orb.
     0 | D:1      | Reached XP level 1. HP: 19/19 MP: 1/1
   151 | D:1      | Reached XP level 2. HP: 19/26 MP: 2/2
   304 | D:1      | Found a faded altar of an unknown god.
   918 | D:2      | Reached skill level 3 in Axes
   918 | D:2      | Reached XP level 3. HP: 24/31 MP: 3/3
  1026 | D:2      | Reached skill level 1 in Dodging
  1222 | D:2      | Reached XP level 4. HP: 39/39 MP: 4/4
  2080 | D:3      | Gained mutation: You are agile. (Dex +4, Str/Int -1)
                  | [potion of mutation]
  2080 | D:3      | Gained mutation: You occasionally lose the ability to read
                  | scrolls when taking damage. [potion of mutation]
  2510 | D:3      | Found Vaexkuyle's Book Shoppe.
  2590 | D:4      | Reached skill level 4 in Axes
  2590 | D:4      | Reached XP level 5. HP: 41/46 MP: 5/5
  2629 | D:4      | Noticed a phantom
  2638 | D:4      | Noticed an ogre
  2653 | D:4      | Killed a phantom
  2825 | D:4      | Killed an ogre
  2826 | D:4      | Reached skill level 1 in Shapeshifting
  2826 | D:4      | Reached XP level 6. HP: 17/52 MP: 6/6
  2844 | D:4      | Found a sand-covered staircase.
  2855 | Ossuary  | Entered an ossuary
  2992 | Ossuary  | Reached skill level 5 in Axes
  2997 | Ossuary  | Slain by a mummy

Illustrated notes

Levels and vault maps discovered:
D:1:      mainiacjoe_arrival_reflecting_pool, layout_loops_ring,
          dreamdust_ecumenical_altar_grove, kennysheep_another_room
D:2:      minmay_razor_zed, layout_loops_corners, chequers_serial_rivers_room_b
D:3:      layout_rooms, serial_shops, shop_fountains
D:4:      layout_basic, nicolae_gozag_seed_capital, enter_ossuary_3,
          serial_shops, nicolae_lakefront_shop
Ossuary:  ossuary_tomb_3

Skill      XL: |  1  2  3  4  5  6 |
---------------+-------------------+-----
Axes           | 3 4 5 |  5.2
Dodging        | 1 2 |  2.0
Armour         | 4 |  4.5
Shields        | 4 |  4.0
Shapeshifting  | 1 |  1.1
Fighting       | |  3.9
Stealth        | |  0.2
Evocations     | |  0.2

Action                     |  1- 3 |  4- 6 || total
---------------------------+-------+-------++-------
  Melee: War axe           |    89 |   153 ||   242
    Use: Potion            |     1 |     2 ||     3
         Scroll            |       |    11 ||    11
 Armour: Scale mail        |    73 |     4 ||    77
         Chain mail        |       |   112 ||   112
  Dodge: Dodged            |    46 |    64 ||   110
  Block: Buckler           |    21 |    29 ||    50

Table legend: (Time is in decaauts)
 A = Elapsed time spent in this place.
 B = Non-inter-level travel time spent in this place.
 C = Inter-level travel time spent in this place.
 D = Time resting spent in this place.
 E = Time spent auto-exploring this place.
 F = Levels seen in this place.
 G = Mean time per level.
                   A        B        C        D        E       F      G
               +--------+--------+--------+--------+--------+-----+--------+
         Total |   3082 |   3082 |      0 |      0 |   1595 |   5 |  616.4 |
       Dungeon |   2933 |   2933 |      0 |      0 |   1564 |   4 |  733.2 |
       Ossuary |    148 |    148 |      0 |      0 |     31 |   1 |  148.0 |
               +--------+--------+--------+--------+--------+-----+--------+

Top non-repeatable levels by time:
     D:2: 1337 daAuts
     D:1: 790 daAuts
     D:3: 520 daAuts
     D:4: 284 daAuts
 Ossuary: 148 daAuts
